Bruins vs Canucks

Created - Friday, December 11, 2015 at 03:16

Goals
1 2 3 T
Bruins 0 1 0 1
Canucks 1 0 2 3
Shots
1 2 3 T
Bruins 7 11 9 27
Canucks 8 9 12 29

1st period

1. Canucks , Brendan Gallagher 19 (Nazem Kadri, Ben Bishop) at 13:38 (PP)

Penalties :
Zemgus Girgensons (Bos) for Tripping (Minor) at 1:23, Jonas Brodin (Bos) for Tripping (Minor) at 13:18

2nd period

2. Bruins , Jonas Brodin 1 (Claude Giroux, Semyon Varlamov) at 17:05 (PP)

Penalties :
Zemgus Girgensons (Bos) for Hooking (Minor) at 3:44, Nazem Kadri (Van) for Hooking (Minor) at 6:28, Joel Ward (Van) for Interference (Minor) at 11:56, Jack Johnson (Van) for Goalie Interference (Minor) at 15:26

3rd period

3. Canucks , Peter Holland 4 (Clarke MacArthur, Willie Mitchell) at 14:05 (SH)
4. Canucks , Christopher Tanev 1 (Joel Ward, Pavel Datsyuk) at 19:30 (Empty Net)

Penalties :
Alexander Edler (Van) for Hooking (Minor) at 1:12, Derick Brassard (Van) for Tripping (Minor) at 12:22

Goalie Stats

Semyon Varlamov (Bos), 26 saves from 28 shots - (0.929), L, 7-6-0, 59:31 minutes
Ben Bishop (Van), 26 saves from 27 shots - (0.963), W, 14-10-3, 60:00 minutes

Players Stats for Bruins

Player Name              G  A  P  +/- PIM S  H  SB GA TA FO     MP     PP MP  PK MP  
------------------------------------------------------------------------------------
Anton Lander             0  0  0   0  0   2  2  0  5  0  4/6    13:02   0:00   1:47 
Anze Kopitar             0  0  0  -1  0   4  1  0  4  0  8/15   20:22   4:35   2:41 
Brenden Dillon           0  0  0  -1  0   2  1  0  0  1  0/0    17:24   0:00   1:10 
Brent Seabrook           0  0  0   0  0   1  0  0  0  0  0/0    16:54   0:36   3:08 
Claude Giroux            0  1  1  -1  0   4  1  0  3  0  11/15  19:01   5:00   0:00 
Jeff Petry               0  0  0  -1  0   0  0  1  0  0  0/0    17:24   0:00   1:10 
Joe Pavelski             0  0  0  -1  0   0  2  0  2  0  0/0    19:01   5:00   0:00 
Jonas Brodin             1  0  1   0  2   1  2  0  0  0  0/0    20:59   1:12   3:08 
Marian Hossa             0  0  0  -1  0   3  0  1  1  0  0/1    17:34   4:35   0:00 
Matt Duchene             0  0  0  -1  0   1  0  0  0  0  1/3    18:16   8:22   0:00 
Matt Hendricks           0  0  0   0  0   0  2  2  0  1  0/0    12:24   0:00   3:04 
Nate Guenin              0  0  0   0  0   0  0  0  0  0  0/0     4:34   0:01   0:00 
Nick Holden              0  0  0   0  0   0  1  0  0  0  0/0    11:29   0:00   0:00 
Shea Weber               0  0  0  -1  0   2  3  1  2  1  0/0    22:19   8:59   0:00 
T.J. Oshie               0  0  0  -1  0   1  3  0  0  2  0/0    19:01   5:00   0:00 
Tom Wilson               0  0  0   0  0   0  3  0  1  0  1/1     8:45   0:00   0:00 
Tommy Wingels            0  0  0   0  0   6  1  0  3  1  0/1    18:16   0:00   0:44 
Zemgus Girgensons        0  0  0  -1  4   0  3  0  0  1  1/1    18:54   4:35   0:20 

Players Stats for Canucks

Player Name              G  A  P  +/- PIM S  H  SB GA TA FO     MP     PP MP  PK MP  
------------------------------------------------------------------------------------
Adam Pardy               0  0  0   0  0   0  0  0  0  0  0/0     0:00   0:00   0:00 
Alexander Edler          0  0  0   1  2   2  4  1  1  3  0/0    20:33   1:52   2:27 
Andrei Markov            0  0  0   0  0   1  0  3  1  3  0/0    25:11   2:26   6:10 
Antoine Roussel          0  0  0   0  0   1  1  0  2  2  0/1    15:17   0:00   2:48 
Brendan Gallagher        1  0  1   0  0   2  2  1  1  0  0/0    16:22   2:04   0:00 
Christopher Tanev        1  0  1   1  0   1  0  0  0  2  0/0    15:41   0:00   2:10 
Clarke MacArthur         0  1  1   1  0   2  3  0  1  1  0/1    21:08   2:04   3:25 
Derick Brassard          0  0  0   1  2   6  2  0  2  0  0/1    18:01   2:14   4:55 
Jack Johnson             0  0  0   0  2   2  2  2  0  3  0/0    23:58   2:26   4:58 
Jacob Josefson           0  0  0   0  0   2  1  0  1  0  2/6    13:55   0:00   0:00 
Jay Beagle               0  0  0   0  0   0  0  0  0  0  0/0    11:59   0:00   0:00 
Joel Ward                0  1  1   1  2   1  0  0  2  1  0/0    13:22   2:14   0:00 
Justin Braun             0  0  0   1  0   0  0  0  0  1  0/0    13:31   0:00   0:00 
Mats Zuccarello          0  0  0   0  0   1  3  0  1  0  0/1     9:00   0:00   0:00 
Nazem Kadri              0  1  1   0  2   2  0  0  2  0  6/13   18:51   2:04   1:09 
Pavel Datsyuk            0  1  1   1  0   1  1  0  1  0  8/15   21:54   2:14   5:30 
Peter Holland            1  0  1   1  0   2  1  0  0  0  1/5    10:19   0:00   1:23 
Willie Mitchell          0  1  1   1  0   3  1  0  0  0  0/0    21:18   1:52   3:25 

3 Stars

1 - Ben Bishop (Van)
2 - Peter Holland (Van)
3 - Brendan Gallagher (Van)

Power Play

Bruins - 1 on 5 Attempt(s) - 20.00%
Canucks - 1 on 3 Attempt(s) - 33.33%

Penalty Kill

Bruins - 2 on 3 Attempt(s) - 66.67% - Score 0 goal in Penalty Kill
Canucks - 4 on 5 Attempt(s) - 80.00% - Score 1 goal in Penalty Kill

Team Stat

Bruins - Hits : 25 - Faceoff Wins : 26 - Blocked Shots : 5 - Penalty Minutes : 6
Canucks - Hits : 21 - Faceoff Wins : 17 - Blocked Shots : 7 - Penalty Minutes : 10

Official

Referees : Unknown
Linesman : Unknown

Game Notes

Christopher Tanev has scored in a empty net!

Finance

Level 1 -- Attendance: 5322 (88.70%) -- Ticket Income $425,760
Level 2 -- Attendance: 4617 (92.34%) -- Ticket Income $244,701
Level 3 -- Attendance: 1943 (97.15%) -- Ticket Income $60,233
Level 4 -- Attendance: 3958 (98.95%) -- Ticket Income $67,286
Luxury Box -- Attendance: 1000 (100.00%) -- Ticket Income $176,000
Game was played at the Rogers Place.
Total Attendance: 16840 (93.56%)
Total Ticket Income: $973,980
Other Income: $477,250
Total Income: $1,451,230

Bruins

5 vs 5 Forward 
   Center                   Left Wing                Right Wing               Time % Phy DF OF 
 1 Claude Giroux            T.J. Oshie               Joe Pavelski             38     1   2  2  
 2 Anze Kopitar             Zemgus Girgensons        Marian Hossa             30     1   2  2  
 3 Matt Duchene             Tommy Wingels            Matt Hendricks           22     1   2  2  
 4 Anton Lander             Tommy Wingels            Tom Wilson               10     1   2  2  

5 vs 5 Defense 
   Defense                  Defense                                           Time % Phy DF OF 
 1 Shea Weber               Brent Seabrook                                    38     1   2  2  
 2 Jeff Petry               Brenden Dillon                                    30     1   2  2  
 3 Jonas Brodin             Nick Holden                                       22     1   2  2  
 4 Nate Guenin              Jonas Brodin                                      10     1   2  2  

PowerPlay Forward 
   Center                   Left Wing                Right Wing               Time % Phy DF OF 
 1 Claude Giroux            T.J. Oshie               Joe Pavelski             60     1   0  4  
 2 Anze Kopitar             Zemgus Girgensons        Marian Hossa             40     1   0  4  

PowerPlay Defense
   Defense                  Defense                                           Time % Phy DF OF 
 1 Shea Weber               Matt Duchene                                      60     1   1  3  
 2 Shea Weber               Matt Duchene                                      40     1   1  3  

Penalty Kill 4 Players Forward 
   Center                   Wing                     Time % Phy DF OF 
 1 Zemgus Girgensons        Matt Hendricks           60     1   3  1  
 2 Anton Lander             Tommy Wingels            40     1   3  1  

Penalty Kill 4 Players Defense
   Defense                  Defense                  Time % Phy DF OF 
 1 Jonas Brodin             Brent Seabrook           60     1   4  0  
 2 Jeff Petry               Brenden Dillon           40     1   4  0  

Penalty Kill - 3 Players Forward 
   Forward                                           Time % Phy DF OF 
 1 Matt Hendricks                                    60     1   4  0  
 2 Anton Lander                                      40     1   4  0  

Penalty Kill - 3 Players Defense
   Defense                  Defense                  Time % Phy DF OF 
 1 Jonas Brodin             Brent Seabrook           60     1   4  0  
 2 Jeff Petry               Brenden Dillon           40     1   4  0  

4 vs 4 Forward 
   Center                   Wing                     Time % Phy DF OF 
 1 Claude Giroux            Joe Pavelski             60     1   2  2  
 2 Anze Kopitar             Marian Hossa             40     1   2  2  

4 vs 4 Defense
   Defense                  Defense                  Time % Phy DF OF 
 1 Shea Weber               Brent Seabrook           60     1   2  2  
 2 Jeff Petry               Brenden Dillon           40     1   2  2  

Last Minutes Offensive
   Center                   Left Wing                Right Wing               Defense                  Defense                  
   Claude Giroux            T.J. Oshie               Joe Pavelski             Shea Weber               Brent Seabrook           

Last Minutes Defensive
   Center                   Left Wing                Right Wing               Defense                  Defense                  
   Anze Kopitar             Joe Pavelski             Marian Hossa             Shea Weber               Brent Seabrook           

Goaltenders
Starting : Semyon Varlamov          
Backup : Cam Talbot               

Extra Forwards
Normal : Matt Duchene, Anton Lander, Matt Hendricks - PP : Matt Duchene, Anton Lander - PK : Matt Hendricks
Extra Defensemen
Normal : Jonas Brodin, Nick Holden, Nate Guenin - PP : Jonas Brodin - PK : Nick Holden, Nate Guenin
Penalty Shots
T.J. Oshie, Matt Duchene, Matt Hendricks, Joe Pavelski, Anze Kopitar

Canucks

5 vs 5 Forward 
   Center                   Left Wing                Right Wing               Time % Phy DF OF 
 1 Pavel Datsyuk            Derick Brassard          Joel Ward                35     1   1  3  
 2 Nazem Kadri              Clarke MacArthur         Brendan Gallagher        30     1   2  2  
 3 Peter Holland            Mats Zuccarello          Pavel Datsyuk            22     1   3  1  
 4 Jacob Josefson           Antoine Roussel          Jay Beagle               13     2   2  1  

5 vs 5 Defense 
   Defense                  Defense                                           Time % Phy DF OF 
 1 Jack Johnson             Andrei Markov                                     35     1   3  1  
 2 Alexander Edler          Willie Mitchell                                   30     1   3  1  
 3 Justin Braun             Christopher Tanev                                 22     1   3  1  
 4 Jack Johnson             Andrei Markov                                     13     1   2  2  

PowerPlay Forward 
   Center                   Left Wing                Right Wing               Time % Phy DF OF 
 1 Pavel Datsyuk            Derick Brassard          Joel Ward                60     1   1  3  
 2 Nazem Kadri              Clarke MacArthur         Brendan Gallagher        40     1   1  3  

PowerPlay Defense
   Defense                  Defense                                           Time % Phy DF OF 
 1 Jack Johnson             Andrei Markov                                     60     1   2  2  
 2 Alexander Edler          Willie Mitchell                                   40     1   2  2  

Penalty Kill 4 Players Forward 
   Center                   Wing                     Time % Phy DF OF 
 1 Pavel Datsyuk            Derick Brassard          60     1   3  1  
 2 Nazem Kadri              Clarke MacArthur         40     1   3  1  

Penalty Kill 4 Players Defense
   Defense                  Defense                  Time % Phy DF OF 
 1 Jack Johnson             Andrei Markov            60     1   3  1  
 2 Alexander Edler          Willie Mitchell          40     1   3  1  

Penalty Kill - 3 Players Forward 
   Forward                                           Time % Phy DF OF 
 1 Pavel Datsyuk                                     60     1   4  0  
 2 Derick Brassard                                   40     1   4  0  

Penalty Kill - 3 Players Defense
   Defense                  Defense                  Time % Phy DF OF 
 1 Jack Johnson             Andrei Markov            60     1   4  0  
 2 Alexander Edler          Willie Mitchell          40     1   4  0  

4 vs 4 Forward 
   Center                   Wing                     Time % Phy DF OF 
 1 Pavel Datsyuk            Derick Brassard          60     1   2  2  
 2 Nazem Kadri              Clarke MacArthur         40     1   2  2  

4 vs 4 Defense
   Defense                  Defense                  Time % Phy DF OF 
 1 Jack Johnson             Andrei Markov            60     1   2  2  
 2 Alexander Edler          Willie Mitchell          40     1   2  2  

Last Minutes Offensive
   Center                   Left Wing                Right Wing               Defense                  Defense                  
   Pavel Datsyuk            Derick Brassard          Joel Ward                Jack Johnson             Andrei Markov            

Last Minutes Defensive
   Center                   Left Wing                Right Wing               Defense                  Defense                  
   Pavel Datsyuk            Derick Brassard          Joel Ward                Jack Johnson             Andrei Markov            

Goaltenders
Starting : Ben Bishop               
Backup : Mike McKenna             

Extra Forwards
Normal : Jacob Josefson, Mats Zuccarello, Antoine Roussel - PP : Jacob Josefson, Mats Zuccarello - PK : Antoine Roussel
Extra Defensemen
Normal : Justin Braun, Christopher Tanev, Alexander Edler - PP : Justin Braun - PK : Christopher Tanev, Alexander Edler
Penalty Shots
Pavel Datsyuk, Derick Brassard, Nazem Kadri, Clarke MacArthur, Joel Ward

% Time on Ice - Bruins

Lines # - Real PCT - Wanted PCT - Time Play
Normal Forward
1 - 30% - 38% - 13:55
2 - 30% - 30% - 13:54
3 - 20% - 22% - 9:20
4 - 19% - 10% - 8:45
Normal Defense
1 - 30% - 38% - 13:51
2 - 35% - 30% - 16:01
3 - 25% - 22% - 11:29
4 - 10% - 10% - 4:33
PP Forward
1 - 52% - 60% - 5:00
2 - 48% - 40% - 4:35
PP Defense
1 - 100% - 60% - 9:35
2 - 0% - 40% - 0:00
PK Forward
1 - 83% - 60% - 3:34
2 - 17% - 40% - 0:44
PK Defense
1 - 73% - 60% - 3:08
2 - 27% - 40% - 1:10
PK3 Forward
1 - 0% - 60%
2 - 0% - 40%
PK3 Defense
1 - 0% - 60%
2 - 0% - 40%
44 Forward
1 - 0% - 60%
2 - 0% - 40%
44 Defense
1 - 0% - 60%
2 - 0% - 40%
Last Minute Offensive  - 0:13
Last Minute Defensive  - 0:00
Total
Forward - 60:00
Defense - 60:00

% Time on Ice - Canucks

Lines # - Real PCT - Wanted PCT - Time Play
Normal Forward
1 - 26% - 35% - 11:47
2 - 32% - 30% - 14:32
3 - 18% - 22% - 8:20
4 - 25% - 13% - 11:15
Normal Defense
1 - 30% - 35% - 13:57
2 - 35% - 30% - 16:01
3 - 29% - 22% - 13:18
4 - 6% - 13% - 2:38
PP Forward
1 - 52% - 60% - 2:14
2 - 48% - 40% - 2:04
PP Defense
1 - 57% - 60% - 2:26
2 - 43% - 40% - 1:52
PK Forward
1 - 88% - 60% - 8:26
2 - 12% - 40% - 1:09
PK Defense
1 - 64% - 60% - 6:10
2 - 36% - 40% - 3:25
PK3 Forward
1 - 0% - 60%
2 - 0% - 40%
PK3 Defense
1 - 0% - 60%
2 - 0% - 40%
44 Forward
1 - 0% - 60%
2 - 0% - 40%
44 Defense
1 - 0% - 60%
2 - 0% - 40%
Last Minute Offensive  - 0:00
Last Minute Defensive  - 0:13
Total
Forward - 60:00
Defense - 60:00

Play by Play

1st period


0:01 of 1st period - Claude Giroux wins face-off versus Derick Brassard in neutral zone.
0:54 of 1st period - Wrist shot by Anze Kopitar.
0:54 of 1st period - Shot Misses the Net.
0:56 of 1st period - Wrist shot by Brenden Dillon.
0:56 of 1st period - Stopped by Ben Bishop with a rebound.
0:58 of 1st period - Slapshot by Brenden Dillon.
0:58 of 1st period - Stopped by Ben Bishop with a rebound.
1:23 of 1st period - Minor Penalty to Zemgus Girgensons for Tripping.
1:24 of 1st period - Anze Kopitar wins face-off versus Pavel Datsyuk in Bruins zone.
2:38 of 1st period - Joel Ward is hit by Matt Hendricks and loses puck.
2:47 of 1st period - Brent Seabrook is hit by Jack Johnson and loses puck.
3:23 of 1st period - Penalty to Zemgus Girgensons is over, Zemgus Girgensons is back on ice.
3:27 of 1st period - Derick Brassard is hit by Anton Lander and loses puck.
4:08 of 1st period - Wrist shot by Jacob Josefson.
4:08 of 1st period - Stopped by Semyon Varlamov with a rebound.
4:29 of 1st period - Jeff Petry is hit by Mats Zuccarello and loses puck.
6:24 of 1st period - Andrei Markov is hit by Matt Hendricks and loses puck.
6:58 of 1st period - Anze Kopitar is hit by Mats Zuccarello and loses puck.
7:35 of 1st period - Andrei Markov is hit by Tom Wilson and loses puck.
7:43 of 1st period - Icing by Nazem Kadri.
7:44 of 1st period - Anton Lander wins face-off versus Nazem Kadri in Canucks zone.
7:53 of 1st period - Jonas Brodin is hit by Brendan Gallagher and loses puck.
8:06 of 1st period - Nick Holden is hit by Derick Brassard and loses puck.
9:13 of 1st period - Christopher Tanev is hit by Brenden Dillon and loses puck.
9:24 of 1st period - Wrist shot by Claude Giroux.
9:24 of 1st period - Shot Misses the Net.
9:26 of 1st period - Slapshot by Shea Weber.
9:26 of 1st period - Stopped by Ben Bishop with a rebound.
10:49 of 1st period - Jack Johnson is hit by Nick Holden and loses puck.
12:36 of 1st period - Willie Mitchell is hit by Zemgus Girgensons and loses puck.
12:49 of 1st period - Anton Lander is hit by Alexander Edler and loses puck.
13:18 of 1st period - Minor Penalty to Jonas Brodin for Tripping.
13:19 of 1st period - Zemgus Girgensons wins face-off versus Nazem Kadri in Bruins zone.
13:36 of 1st period - Snap shot by Brendan Gallagher.
13:36 of 1st period - Shot Blocked by Matt Hendricks.
13:38 of 1st period - Snap shot by Brendan Gallagher.
13:38 of 1st period - Goal by Brendan Gallagher - Bruins : 0 - Canucks : 1.
13:39 of 1st period - Anze Kopitar wins face-off versus Peter Holland in neutral zone.
13:51 of 1st period - Snap shot by Anze Kopitar.
13:51 of 1st period - Stopped by Ben Bishop without a rebound.
13:52 of 1st period - Peter Holland wins face-off versus Anze Kopitar in Canucks zone.
14:53 of 1st period - Antoine Roussel is hit by Tom Wilson and loses puck.
15:28 of 1st period - Jeff Petry is hit by Pavel Datsyuk and loses puck.
15:33 of 1st period - Wrist shot by Derick Brassard.
15:33 of 1st period - Stopped by Semyon Varlamov with a rebound.
15:35 of 1st period - Snap shot by Derick Brassard.
15:35 of 1st period - Stopped by Semyon Varlamov with a rebound.
16:53 of 1st period - Slapshot by Jacob Josefson.
16:53 of 1st period - Stopped by Semyon Varlamov without a rebound.
16:54 of 1st period - Claude Giroux wins face-off versus Jacob Josefson in Bruins zone.
16:54 of 1st period - Claude Giroux is hit by Jacob Josefson.
17:02 of 1st period - Slapshot by Brent Seabrook.
17:02 of 1st period - Deflect By Christopher Tanev.
17:02 of 1st period - Stopped by Ben Bishop without a rebound.
17:03 of 1st period - Jacob Josefson wins face-off versus Anze Kopitar in Canucks zone.
17:03 of 1st period - Jacob Josefson is hit by Zemgus Girgensons.
17:25 of 1st period - Wrist shot by Marian Hossa.
17:25 of 1st period - Stopped by Ben Bishop without a rebound.
17:26 of 1st period - Nazem Kadri wins face-off versus Claude Giroux in Canucks zone.
17:41 of 1st period - Snap shot by Nazem Kadri.
17:41 of 1st period - Stopped by Semyon Varlamov without a rebound.
17:42 of 1st period - Claude Giroux wins face-off versus Nazem Kadri in Bruins zone.
17:47 of 1st period - Andrei Markov is hit by T.J. Oshie and loses puck.
18:02 of 1st period - Snap shot by Nazem Kadri.
18:02 of 1st period - Stopped by Semyon Varlamov with a rebound.
18:04 of 1st period - Snap shot by Andrei Markov.
18:04 of 1st period - Shot Misses the Net.
18:06 of 1st period - Snap shot by Jack Johnson.
18:06 of 1st period - Deflect By Claude Giroux.
18:06 of 1st period - Stopped by Semyon Varlamov without a rebound.
18:07 of 1st period - Matt Duchene wins face-off versus Pavel Datsyuk in Bruins zone.
19:31 of 1st period - Snap shot by Anze Kopitar.
19:31 of 1st period - Stopped by Ben Bishop with a rebound.
Goals for this period are 0 for Bruins vs 1 for Canucks.
Shots for this period are 7 for Bruins vs 8 for Canucks.

2nd period


0:01 of 2nd period - Claude Giroux wins face-off versus Pavel Datsyuk in neutral zone.
0:37 of 2nd period - Wrist shot by Claude Giroux.
0:37 of 2nd period - Shot Blocked by Jack Johnson.
1:03 of 2nd period - Andrei Markov is hit by Tom Wilson and loses puck.
1:12 of 2nd period - Wrist shot by Tommy Wingels.
1:12 of 2nd period - Stopped by Ben Bishop with a rebound.
1:14 of 2nd period - Slapshot by Jeff Petry.
1:14 of 2nd period - Shot Blocked by Andrei Markov.
1:16 of 2nd period - Snap shot by Tommy Wingels.
1:16 of 2nd period - Deflect By Tom Wilson.
1:16 of 2nd period - Shot Misses the Net.
1:16 of 2nd period - Puck is out of play.
1:17 of 2nd period - Nazem Kadri wins face-off versus Anze Kopitar in Canucks zone.
1:22 of 2nd period - Zemgus Girgensons is hit by Willie Mitchell and loses puck.
1:28 of 2nd period - Jonas Brodin is hit by Brendan Gallagher and loses puck.
1:49 of 2nd period - Snap shot by Marian Hossa.
1:49 of 2nd period - Stopped by Ben Bishop with a rebound.
1:51 of 2nd period - Snap shot by Anze Kopitar.
1:51 of 2nd period - Stopped by Ben Bishop without a rebound.
1:52 of 2nd period - Claude Giroux wins face-off versus Jacob Josefson in Canucks zone.
2:21 of 2nd period - Wrist shot by Antoine Roussel.
2:21 of 2nd period - Shot Hit the Post.
2:49 of 2nd period - Snap shot by Matt Duchene.
2:49 of 2nd period - Deflect By Tommy Wingels.
2:49 of 2nd period - Stopped by Ben Bishop with a rebound.
3:21 of 2nd period - Snap shot by Brendan Gallagher.
3:21 of 2nd period - Stopped by Semyon Varlamov with a rebound.
3:23 of 2nd period - Slapshot by Alexander Edler.
3:23 of 2nd period - Shot Misses the Net.
3:25 of 2nd period - Wrist shot by Willie Mitchell.
3:25 of 2nd period - Stopped by Semyon Varlamov without a rebound.
3:26 of 2nd period - Anze Kopitar wins face-off versus Peter Holland in Bruins zone.
3:31 of 2nd period - Wrist shot by Marian Hossa.
3:31 of 2nd period - Stopped by Ben Bishop with a rebound.
3:44 of 2nd period - Minor Penalty to Zemgus Girgensons for Hooking.
3:45 of 2nd period - Anze Kopitar wins face-off versus Pavel Datsyuk in Bruins zone.
4:09 of 2nd period - Slapshot by Andrei Markov.
4:09 of 2nd period - Shot Misses the Net.
4:13 of 2nd period - Snap shot by Derick Brassard.
4:13 of 2nd period - Stopped by Semyon Varlamov with a rebound.
4:15 of 2nd period - Slapshot by Andrei Markov.
4:15 of 2nd period - Shot Misses the Net.
4:51 of 2nd period - Wrist shot by Clarke MacArthur.
4:51 of 2nd period - Stopped by Semyon Varlamov with a rebound.
5:18 of 2nd period - Slapshot by Willie Mitchell.
5:18 of 2nd period - Stopped by Semyon Varlamov without a rebound.
5:19 of 2nd period - Pavel Datsyuk wins face-off versus Anton Lander in Bruins zone.
5:20 of 2nd period - Snap shot by Derick Brassard.
5:20 of 2nd period - Stopped by Semyon Varlamov without a rebound.
5:21 of 2nd period - Pavel Datsyuk wins face-off versus Anton Lander in Bruins zone.
5:44 of 2nd period - Penalty to Zemgus Girgensons is over, Zemgus Girgensons is back on ice.
5:50 of 2nd period - Snap shot by Nazem Kadri.
5:50 of 2nd period - Deflect By Clarke MacArthur.
5:50 of 2nd period - Shot Misses the Net.
5:50 of 2nd period - Puck is out of play.
5:51 of 2nd period - Claude Giroux wins face-off versus Nazem Kadri in Bruins zone.
6:28 of 2nd period - Minor Penalty to Nazem Kadri for Hooking.
6:29 of 2nd period - Pavel Datsyuk wins face-off versus Anze Kopitar in Canucks zone.
7:17 of 2nd period - Slapshot by Claude Giroux.
7:17 of 2nd period - Stopped by Ben Bishop with a rebound.
7:19 of 2nd period - Slapshot by Shea Weber.
7:19 of 2nd period - Shot Blocked by Jack Johnson.
7:35 of 2nd period - Jack Johnson is hit by T.J. Oshie and loses puck.
8:28 of 2nd period - Penalty to Nazem Kadri is over, Nazem Kadri is back on ice.
8:32 of 2nd period - Marian Hossa is hit by Jack Johnson and loses puck.
9:51 of 2nd period - Tommy Wingels is hit by Peter Holland and loses puck.
9:58 of 2nd period - Slapshot by Mats Zuccarello.
9:58 of 2nd period - Stopped by Semyon Varlamov with a rebound.
10:00 of 2nd period - Snap shot by Willie Mitchell.
10:00 of 2nd period - Shot Misses the Net.
10:02 of 2nd period - Snap shot by Peter Holland.
10:02 of 2nd period - Stopped by Semyon Varlamov with a rebound.
10:04 of 2nd period - Slapshot by Willie Mitchell.
10:04 of 2nd period - Deflect By Mats Zuccarello.
10:04 of 2nd period - Shot Blocked by Matt Hendricks.
10:04 of 2nd period - Puck is out of play.
10:05 of 2nd period - Claude Giroux wins face-off versus Peter Holland in Bruins zone.
10:57 of 2nd period - Snap shot by Antoine Roussel.
10:57 of 2nd period - Shot Misses the Net.
11:19 of 2nd period - Snap shot by Clarke MacArthur.
11:19 of 2nd period - Stopped by Semyon Varlamov with a rebound.
11:41 of 2nd period - Alexander Edler is hit by Shea Weber and loses puck.
11:46 of 2nd period - Snap shot by Claude Giroux.
11:46 of 2nd period - Shot Blocked by Alexander Edler.
11:48 of 2nd period - Wrist shot by Claude Giroux.
11:48 of 2nd period - Stopped by Ben Bishop with a rebound.
11:50 of 2nd period - Snap shot by Claude Giroux.
11:50 of 2nd period - Stopped by Ben Bishop with a rebound.
11:56 of 2nd period - Minor Penalty to Joel Ward for Interference.
11:57 of 2nd period - Pavel Datsyuk wins face-off versus Anze Kopitar in Canucks zone.
12:10 of 2nd period - Alexander Edler is hit by Anze Kopitar and loses puck.
12:33 of 2nd period - Derick Brassard is hit by Joe Pavelski and loses puck.
13:19 of 2nd period - Jack Johnson is hit by Shea Weber.
13:53 of 2nd period - Marian Hossa is hit by Derick Brassard and loses puck.
13:56 of 2nd period - Penalty to Joel Ward is over, Joel Ward is back on ice.
14:14 of 2nd period - Christopher Tanev is hit by Jonas Brodin and loses puck.
14:20 of 2nd period - Off-side.
14:21 of 2nd period - Anton Lander wins face-off versus Nazem Kadri in neutral zone.
14:49 of 2nd period - Tommy Wingels is hit by Clarke MacArthur.
15:07 of 2nd period - Christopher Tanev is hit by Anton Lander and loses puck.
15:20 of 2nd period - Snap shot by Tommy Wingels.
15:20 of 2nd period - Stopped by Ben Bishop without a rebound.
15:21 of 2nd period - Tom Wilson wins face-off versus Jacob Josefson in Canucks zone.
15:26 of 2nd period - Minor Penalty to Jack Johnson for Goalie Interference.
15:27 of 2nd period - Claude Giroux wins face-off versus Pavel Datsyuk in Canucks zone.
16:22 of 2nd period - Wrist shot by Claude Giroux.
16:22 of 2nd period - Shot Blocked by Andrei Markov.
16:24 of 2nd period - Slapshot by Jonas Brodin.
16:24 of 2nd period - Shot Misses the Net.
16:26 of 2nd period - Snap shot by Brent Seabrook.
16:26 of 2nd period - Shot Blocked by Andrei Markov.
16:28 of 2nd period - Slapshot by Joe Pavelski.
16:28 of 2nd period - Shot Misses the Net.
17:03 of 2nd period - Snap shot by Claude Giroux.
17:03 of 2nd period - Shot Hit the Post.
17:05 of 2nd period - Wrist shot by Jonas Brodin.
17:05 of 2nd period - Goal by Jonas Brodin - Bruins : 1 - Canucks : 1.
17:06 of 2nd period - Anton Lander wins face-off versus Jacob Josefson in neutral zone.
18:23 of 2nd period - Peter Holland is hit by Joe Pavelski and loses puck.
18:32 of 2nd period - Jeff Petry is hit by Mats Zuccarello and loses puck.
18:53 of 2nd period - Off-side.
18:54 of 2nd period - Nazem Kadri wins face-off versus Tommy Wingels in neutral zone.
19:26 of 2nd period - Slapshot by Anze Kopitar.
19:26 of 2nd period - Stopped by Ben Bishop with a rebound.
Goals for this period are 1 for Bruins vs 0 for Canucks.
Shots for this period are 11 for Bruins vs 9 for Canucks.

3rd period


0:01 of 3rd period - Claude Giroux wins face-off versus Pavel Datsyuk in neutral zone.
0:12 of 3rd period - Snap shot by Derick Brassard.
0:12 of 3rd period - Stopped by Semyon Varlamov with a rebound.
0:14 of 3rd period - Snap shot by Joel Ward.
0:14 of 3rd period - Stopped by Semyon Varlamov with a rebound.
0:18 of 3rd period - Slapshot by Pavel Datsyuk.
0:18 of 3rd period - Shot Blocked by Shea Weber.
0:20 of 3rd period - Snap shot by Andrei Markov.
0:20 of 3rd period - Shot Misses the Net.
0:22 of 3rd period - Slapshot by Jack Johnson.
0:22 of 3rd period - Stopped by Semyon Varlamov without a rebound.
0:23 of 3rd period - Anze Kopitar wins face-off versus Nazem Kadri in Bruins zone.
0:52 of 3rd period - Snap shot by Brendan Gallagher.
0:52 of 3rd period - Shot Blocked by Marian Hossa.
1:12 of 3rd period - Minor Penalty to Alexander Edler for Hooking.
1:13 of 3rd period - Pavel Datsyuk wins face-off versus Claude Giroux in Canucks zone.
1:19 of 3rd period - Icing by Claude Giroux.
1:20 of 3rd period - Claude Giroux wins face-off versus Pavel Datsyuk in Bruins zone.
1:57 of 3rd period - Snap shot by Claude Giroux.
1:57 of 3rd period - Shot Misses the Net.
3:09 of 3rd period - Shea Weber is hit by Clarke MacArthur and loses puck.
3:12 of 3rd period - Penalty to Alexander Edler is over, Alexander Edler is back on ice.
3:32 of 3rd period - Slapshot by Andrei Markov.
3:32 of 3rd period - Shot Misses the Net.
3:58 of 3rd period - Wrist shot by Antoine Roussel.
3:58 of 3rd period - Shot Misses the Net.
4:23 of 3rd period - Wrist shot by Anton Lander.
4:23 of 3rd period - Stopped by Ben Bishop with a rebound.
5:31 of 3rd period - Slapshot by Mats Zuccarello.
5:31 of 3rd period - Shot Misses the Net.
5:33 of 3rd period - Slapshot by Jack Johnson.
5:33 of 3rd period - Deflect By Mats Zuccarello.
5:33 of 3rd period - Shot Misses the Net.
5:33 of 3rd period - Puck is out of play.
5:34 of 3rd period - Nazem Kadri wins face-off versus Claude Giroux in Bruins zone.
6:09 of 3rd period - Nick Holden is hit by Alexander Edler and loses puck.
6:30 of 3rd period - Shea Weber is hit by Alexander Edler.
6:38 of 3rd period - Wrist shot by Pavel Datsyuk.
6:38 of 3rd period - Stopped by Semyon Varlamov with a rebound.
6:49 of 3rd period - Icing by Zemgus Girgensons.
6:50 of 3rd period - Anze Kopitar wins face-off versus Peter Holland in Bruins zone.
7:17 of 3rd period - Wrist shot by Tommy Wingels.
7:17 of 3rd period - Shot Misses the Net.
7:41 of 3rd period - Snap shot by Anton Lander.
7:41 of 3rd period - Stopped by Ben Bishop with a rebound.
7:48 of 3rd period - Icing by Willie Mitchell.
7:49 of 3rd period - Nazem Kadri wins face-off versus Marian Hossa in Canucks zone.
8:04 of 3rd period - Snap shot by Marian Hossa.
8:04 of 3rd period - Shot Misses the Net.
8:16 of 3rd period - Backhand shot by Matt Duchene.
8:16 of 3rd period - Stopped by Ben Bishop without a rebound.
8:17 of 3rd period - Jacob Josefson wins face-off versus Matt Duchene in Canucks zone.
8:44 of 3rd period - Slapshot by Andrei Markov.
8:44 of 3rd period - Stopped by Semyon Varlamov without a rebound.
8:45 of 3rd period - Pavel Datsyuk wins face-off versus Anze Kopitar in Bruins zone.
9:00 of 3rd period - Joel Ward is hit by Jonas Brodin and loses puck.
9:53 of 3rd period - Snap shot by Tommy Wingels.
9:53 of 3rd period - Stopped by Ben Bishop with a rebound.
9:55 of 3rd period - Slapshot by Brent Seabrook.
9:55 of 3rd period - Shot Misses the Net.
9:57 of 3rd period - Slapshot by Tommy Wingels.
9:57 of 3rd period - Stopped by Ben Bishop with a rebound.
10:51 of 3rd period - Snap shot by Derick Brassard.
10:51 of 3rd period - Stopped by Semyon Varlamov without a rebound.
10:52 of 3rd period - Pavel Datsyuk wins face-off versus Matt Duchene in Bruins zone.
11:23 of 3rd period - Slapshot by Nazem Kadri.
11:23 of 3rd period - Shot Misses the Net.
11:25 of 3rd period - Slapshot by Alexander Edler.
11:25 of 3rd period - Stopped by Semyon Varlamov with a rebound.
11:27 of 3rd period - Slapshot by Willie Mitchell.
11:27 of 3rd period - Shot Blocked by Jeff Petry.
11:29 of 3rd period - Snap shot by Alexander Edler.
11:29 of 3rd period - Stopped by Semyon Varlamov with a rebound.
11:31 of 3rd period - Slapshot by Willie Mitchell.
11:31 of 3rd period - Stopped by Semyon Varlamov with a rebound.
12:22 of 3rd period - Minor Penalty to Derick Brassard for Tripping.
12:23 of 3rd period - Anze Kopitar wins face-off versus Clarke MacArthur in Canucks zone.
12:36 of 3rd period - Andrei Markov is hit by Zemgus Girgensons and loses puck.
12:55 of 3rd period - Snap shot by Anze Kopitar.
12:55 of 3rd period - Shot Misses the Net.
12:57 of 3rd period - Slapshot by Shea Weber.
12:57 of 3rd period - Stopped by Ben Bishop with a rebound.
13:19 of 3rd period - Slapshot by Claude Giroux.
13:19 of 3rd period - Stopped by Ben Bishop with a rebound.
13:31 of 3rd period - Jack Johnson is hit by T.J. Oshie and loses puck.
13:44 of 3rd period - Pavel Datsyuk is hit by Shea Weber and loses puck.
14:05 of 3rd period - Wrist shot by Peter Holland.
14:05 of 3rd period - Goal by Peter Holland - Bruins : 1 - Canucks : 2.
14:06 of 3rd period - Pavel Datsyuk wins face-off versus Claude Giroux in neutral zone.
14:20 of 3rd period - Wrist shot by Antoine Roussel.
14:20 of 3rd period - Stopped by Semyon Varlamov without a rebound.
14:21 of 3rd period - Claude Giroux wins face-off versus Antoine Roussel in Bruins zone.
14:22 of 3rd period - Penalty to Derick Brassard is over, Derick Brassard is back on ice.
14:28 of 3rd period - Wrist shot by T.J. Oshie.
14:28 of 3rd period - Stopped by Ben Bishop without a rebound.
14:29 of 3rd period - Anton Lander wins face-off versus Nazem Kadri in Canucks zone.
14:32 of 3rd period - Wrist shot by Tommy Wingels.
14:32 of 3rd period - Stopped by Ben Bishop with a rebound.
14:48 of 3rd period - Wrist shot by Clarke MacArthur.
14:48 of 3rd period - Shot Misses the Net.
14:50 of 3rd period - Backhand shot by Andrei Markov.
14:50 of 3rd period - Shot Misses the Net.
15:37 of 3rd period - Jay Beagle is hit by Claude Giroux and loses puck.
15:54 of 3rd period - Claude Giroux is hit by Antoine Roussel and loses puck.
16:37 of 3rd period - Anze Kopitar is hit by Clarke MacArthur and loses puck.
17:56 of 3rd period - Joe Pavelski is hit by Alexander Edler and loses puck.
18:41 of 3rd period - Icing by Brent Seabrook.
18:42 of 3rd period - Anze Kopitar wins face-off versus Mats Zuccarello in Bruins zone.
19:01 of 3rd period - Bruins, Semyon Varlamov is pulled from the net.
19:07 of 3rd period - Christopher Tanev is hit by Tommy Wingels and loses puck.
19:28 of 3rd period - Snap shot by Joel Ward.
19:28 of 3rd period - Shot Misses the Net.
19:30 of 3rd period - Snap shot by Christopher Tanev.
19:30 of 3rd period - Goal by Christopher Tanev - Bruins : 1 - Canucks : 3.
19:30 of 3rd period - Semyon Varlamov from Bruins was sent back in the game.
19:31 of 3rd period - Nazem Kadri wins face-off versus Anze Kopitar in neutral zone.
19:59 of 3rd period - Wrist shot by Nick Holden.
19:59 of 3rd period - Shot Blocked by Brendan Gallagher.
Goals for this period are 0 for Bruins vs 2 for Canucks.
Shots for this period are 9 for Bruins vs 12 for Canucks.